 Dungeon Crawl Stone Soup version 0.28.0-53-g5a82cb258f (webtiles) character file.

Game seed: 3608981917698444210

49 DildoBatman the Conjurer (level 4, 0/32 HPs)
             Began as a Formicid Conjurer on July 12, 2022.
             Slain by an ogre
             ... wielding a +0 giant spiked club
              (6 damage)
             ... on level 7 of the Dungeon.
             The game lasted 00:01:49 (813 turns).

DildoBatman the Conjurer (Formicid Conjurer)         Turns: 813, Time: 00:01:50

Health: 0/32       AC:  2    Str: 12    XL:     4   Next: 1%
Magic:  8/8        EV: 12    Int: 17    God:
Gold:   21         SH:  0    Dex: 11    Spells: 5/8 levels left

rFire   . . .      SeeInvis +   d - +3 whip
rCold   . . .      Faith    .   (no shield)
rNeg    . . .      Spirit   .   a - +0 robe
rPois   .          Reflect  .   (helmet unavailable)
rElec   .          Harm     .   (no cloak)
rCorr   .          Rampage  .   (no gloves)
Will    .....                   (no boots)
Stlth   ++........              (no amulet)
HPRegen 0.10/turn               (no ring)
MPRegen 0.11/turn               (no ring)

@: no status effects
A: permanent stasis, dig shafts and tunnels, antennae 3, four strong arms
a: Dig, Shaft Self


You were on level 7 of the Dungeon.
You visited 1 branch of the dungeon, and saw 4 of its levels.

You collected 21 gold pieces.

Inventory:

Hand Weapons
 b - a +0 club
 d - a +3 whip (weapon)
Missiles
 e - 18 arrows
 f - 4 poisoned darts
 g - 17 sling bullets
Armour
 a - a +0 robe (worn)
Scrolls
 c - a scroll of identify {unknown}
 h - a scroll of amnesia {unknown}


   Skills:
 * Level 1.4 Fighting
 * Level 1.4 Armour
 - Level 2.0 Dodging
 - Level 2.4 Stealth
 * Level 2.7 Spellcasting
 * Level 3.9 Conjurations


You had 5 spell levels left.
You knew the following spells:

 Your Spells              Type           Power      Damage    Failure   Level
a - Searing Ray           Conj           30%        2d5       5%          2
c - Magic Dart            Conj           60%        1d6       3%          1

Your spell library contained the following spells:

 Spells                   Type           Power      Damage    Failure   Level
 Dazzling Flash           Conj/Hex       18%        N/A       24%         3
 Fulminant Prism          Conj/Hex       4%         3d6       63%         4
 Iskenderun's Mystic Bla  Conj/Tloc      9%         2d4       63%         4


Dungeon Overview and Level Annotations

Branches:
Dungeon (2/15)

Altars:

Shops:
D:2 [


Innate Abilities, Weirdness & Mutations

You cannot be hasted, slowed, berserked, paralysed or teleported.
You can dig through walls and to a lower floor.
You have a pair of large antennae on your head. (SInv)
Your four strong arms can wield two-handed weapons with a shield.


Message History

The white imp gestures at you. The puff of frost misses you.
You hear a shout!
What are your orders? t - Shout!
Orders for allies: a - Attack new target. r - Retreat! s - Stop attacking. g - Guard the area. f - Follow me.
Anything else - Cancel.
You shout for attention!
A white imp comes into view.
The white imp gestures at you. The puff of frost hits you!
An orc comes into view. It is wielding a +0 whip.
What are your orders? t - Shout!
Orders for allies: a - Attack new target. r - Retreat! s - Stop attacking. g - Guard the area. f - Follow me.
Anything else - Cancel.
You shout for attention!
You hear a shout!
The orc priest looks braver for a moment.
What are your orders? t - Shout!
Orders for allies: a - Attack new target. r - Retreat! s - Stop attacking. g - Guard the area. f - Follow me.
Anything else - Cancel.
You shout for attention!
An orc priest comes into view. It is wielding a +0 club.
What are your orders? t - Shout!
Orders for allies: a - Attack new target. r - Retreat! s - Stop attacking. g - Guard the area. f - Follow me.
Anything else - Cancel.
You shout for attention!
The ogre hits you with a +0 giant spiked club.
You die...

#. ..# .. ..#
{ #. ..##{ #.
..o{ #. ..# #.
..#
#.###5#o5##.#
#....O@..o..#
.......#.#.#.#
...#### .# .
[# .# ##


You could see an ogre, 2 orc priests, 2 white imps and an orc.

Vanquished Creatures
  3 adders (D:2)
  2 bats (D:1)
  4 endoplasms
  A giant cockroach (D:2)
  A hobgoblin (D:1)
  2 jackals
  A kobold (D:1)
  2 quokkas
  A ball python (D:1)
  A frilled lizard (D:2)
  2 goblins
20 creatures vanquished.

Vanquished Creatures (others)
  A plant (D:1)
1 creature vanquished.

Grand Total: 21 creatures vanquished

Notes
Turn   | Place    | Note
-------+----------+-------------------------------------------
     0 | D:1      | DildoBatman the Formicid Conjurer began the quest for the
                  | Orb.
     0 | D:1      | Reached XP level 1. HP: 13/13 MP: 3/3
   146 | D:1      | Reached XP level 2. HP: 15/20 MP: 0/5
   167 | D:1      | Learned a level 2 spell: Searing Ray
   335 | D:1      | Found a faded altar of an unknown god.
   596 | D:2      | Reached skill level 1 in Fighting
   596 | D:2      | Reached skill level 1 in Armour
   596 | D:2      | Reached XP level 3. HP: 26/26 MP: 1/6
   676 | D:2      | Found Alouneir's Armour Shop.
   756 | D:2      | Reached XP level 4. HP: 15/32 MP: 1/8
   758 | D:2      | You fall into a shaft and drop 2 floors!
   800 | D:4      | You fall into a shaft and drop 3 floors!
   808 | D:7      | Noticed an ogre
   813 | D:7      | Slain by an ogre

Illustrated notes

Levels and vault maps discovered:
D:1:      sevenhm_arrival_forest_fort_large_3, layout_basic,
          chequers_ecumenical_altar_island, serial_bayou_pond_b
D:2:      layout_rooms, serial_shops, nicolae_diamond_shop, shop_statue, shop,
          shop_scrolls, shop, minmay_misc_feat_room
D:4:      layout_cave_pods, minmay_temple_entry_mist, minmay_quantized
D:7:      layout_basic, mainiacjoe_overflow_concentric_impassable,
          hangedman_abyss_or_decor_jellyfish_corner

Skill      XL: |  1  2 |
---------------+-------+-----
Dodging        | 2 |  2.0
Fighting       | 1 |  1.4
Armour         | 1 |  1.4
Stealth        | |  2.4
Spellcasting   | |  2.7
Conjurations   | |  3.9

Action                   |  1- 3 |  4- 6 || total
-------------------------+-------+-------++-------
Melee: Whip              |    35 |       ||    35
       Club              |     3 |       ||     3
 Cast: Magic Dart        |    15 |       ||    15
       Searing Ray       |     3 |       ||     3
 Abil: Shaft Self        |       |     2 ||     2
Armor: Robe              |    23 |       ||    23
Dodge: Dodged            |    42 |     2 ||    44
